 Dungeon Crawl Stone Soup version 0.28.0 (webtiles) character file.

Game seed: 2024197912038680183

52 Akaron the Digger (level 3, 0/21 HPs)
             Began as an Octopode Earth Elementalist on Feb 6, 2022.
             Slain by a gnoll (4 damage)
             ... on level 2 of the Dungeon.
             The game lasted 00:03:08 (1822 turns).

Akaron the Digger (Octopode Earth Elementalist)     Turns: 1822, Time: 00:03:08

Health: 0/21       AC:  1    Str:  7    XL:     3   Next: 85%
Magic:  7/7        EV: 13    Int: 19    God:
Gold:   104        SH:  0    Dex: 12    Spells: 1/7 levels left

rFire   . . .      SeeInvis .   b - +0 mace
rCold   . . .      Faith    .   (no shield)
rNeg    . . .      Spirit   .   (helmet restricted)
rPois   .          Reflect  .   (no amulet)
rElec   .          Harm     .   (no ring)
rCorr   .          Rampage  .   (no ring)
Will    .....                   (no ring)
Stlth   +++.......              (no ring)
HPRegen 0.07/turn               (no ring)
MPRegen 0.10/turn               (no ring)
                                (no ring)
                                (no ring)

@: no status effects
A: almost no armour, amphibious, 8 rings, camouflage 1, gelatinous body 1,
(nimble swimmer 1), tentacles
a: no special abilities


You were on level 2 of the Dungeon.
You visited 1 branch of the dungeon, and saw 2 of its levels.

You collected 104 gold pieces.

Inventory:

Hand Weapons
 b - a +0 mace (weapon)
Missiles
 g - 2 stones
Armour
 h - the +0 tower shield "Qykunoy" {Rampage rC- Regen+ Str-2}
   (You found it on level 2 of the Dungeon)

   Str:       It affects your strength (-2).
   rC:        It makes you vulnerable to cold.
   Regen:     It increases your rate of health regeneration.
   Rampage:   It bestows one free step when moving towards enemies.
Scrolls
 e - a scroll of holy word {unknown}
 f - 2 scrolls of identify {unknown}
Potions
 a - 2 potions of curing {unknown}
 c - a potion of haste {unknown}
 d - a potion of heal wounds {unknown}


   Skills:
 + Level 2.1 Dodging
 + Level 3.4 Stealth
 + Level 2.7 Spellcasting
 * Level 0.5 Conjurations
 + Level 1.0 Transmutations
 + Level 3.5 Earth Magic


You had one spell level left.
You knew the following spells:

 Your Spells              Type           Power      Damage    Failure   Level
a - Sandblast             Erth           32%        2d9       3%          1
b - Passwall              Tmut/Erth      9%         N/A       10%         2
c - Stone Arrow           Conj/Erth      20%        3d8       21%         3

Your spell library contained the following spells:

 Spells                   Type           Power      Damage    Failure   Level
 Petrify                  Tmut/Erth      11%        N/A       52%         4


Dungeon Overview and Level Annotations

Branches:
Dungeon (2/15)

Altars:


Innate Abilities, Weirdness & Mutations

You cannot wear most types of armour.
You are amphibious.
You can wear up to eight rings at the same time.
Your skin changes colour to match your surroundings (Stealth+).
Your rubbery body absorbs attacks. (AC +1, EV +1)
((You are camouflaged when in or above water. (Stealth+)))
You have tentacles for arms and can constrict up to eight enemies at once.


Message History

You feel sick.
You are no longer poisoned.
HP restored.
You now have 104 gold pieces (gained 18).
You open the door.
A rat comes into view.
There is an open door here.
A rat is nearby! 2 gnolls and a frilled lizard come into view.
The helpless frilled lizard fails to defend itself.
You hit the frilled lizard. You grab the frilled lizard.
The frilled lizard is heavily wounded.
You constrict the frilled lizard.
You kill the frilled lizard!
The gnoll hits you from afar with a +0 spear.
The gnoll closely misses you.
You hit the gnoll. You grab the gnoll.
The gnoll is lightly wounded.
You constrict the gnoll, but do no damage.
The gnoll closely misses you.
You hit the gnoll.
The gnoll is lightly wounded.
You constrict the gnoll, but do no damage.
The gnoll closely misses you. The rat closely misses you.
You hit the gnoll.
The gnoll is moderately wounded.
You constrict the gnoll. The gnoll hits you with a +0 spear! The rat bites you.
The rat barely misses you. The gnoll barely misses you.
You are too injured to fight recklessly!
You barely miss the gnoll. You squeeze the gnoll.
The gnoll is heavily wounded.
You constrict the gnoll, but do no damage.
The gnoll closely misses you. The rat misses you.
You hit the rat.
You kill the rat!
You constrict the gnoll. The gnoll barely misses you.
The gnoll hits you with a +0 spear.
* * * LOW HITPOINT WARNING * * *
You release your grip on the gnoll.
The gnoll hits you with a +0 spear.
You die...

..###.##.#
#.###.##.# .#
#........# # .#
#####'#### #. .####
##...## .##....
##.....## ....
##.......## ##.##
#.........####...##
+.........'.....@.#
#.......).####..g##
##.รท.....##
##...... ##.....##
#.###g# ##<..## #.#
# ##+## #.. #.# #..


You could see a gnoll.

Vanquished Creatures
  An adder (D:2)
  2 dart slugs (D:1)
  2 ball pythons (D:1)
  An endoplasm (D:1)
  4 giant cockroaches (D:1)
  3 goblins (D:1)
  6 hobgoblins (D:1)
  A kobold (D:1)
  A quokka (D:1)
  6 bats (D:1)
  5 frilled lizards
  4 rats
36 creatures vanquished.

Notes
Turn   | Place    | Note
-------+----------+-------------------------------------------
     0 | D:1      | Akaron the Octopode Earth Elementalist began the quest for
                  | the Orb.
     0 | D:1      | Reached XP level 1. HP: 11/11 MP: 3/3
   113 | D:1      | Reached XP level 2. HP: 17/17 MP: 0/5
   830 | D:1      | Reached XP level 3. HP: 21/21 MP: 3/6
  1042 | D:1      | Found a faded altar of an unknown god.
  1055 | D:1      | Learned a level 2 spell: Passwall
  1059 | D:1      | Learned a level 3 spell: Stone Arrow
  1531 | D:2      | Identified the +0 tower shield "Qykunoy" {Rampage rC-
                  | Regen+ Str-2}
  1822 | D:2      | Slain by a gnoll

Illustrated notes

Levels and vault maps discovered:
D:1:      amcnicky_arrival_choice, layout_loops_corners, serial_forest,
          infiniplex_forest_lined_3_way, infiniplex_forest_end_2,
          infiniplex_forest_straight_3, infiniplex_forest_fountain,
          infiniplex_forest_clump_tiny, hellmonk_ecumenical_altar_run_dry,
          minmay_pentomino_p4
D:2:      layout_loops_corners, minmay_shallow_snake_nest

Skill      XL: |  1  2  3 |
---------------+----------+-----
Stealth        | 3 |  3.4
Dodging        | |  2.1
Spellcasting   | |  2.7
Conjurations   | |  0.5
Transmutations | |  1.0
Earth Magic    | |  3.5

Action                   || total
-------------------------++-------
Melee: Unarmed           ||     8
       Constrict         ||     6
       Mace              ||    29
       Tentacles         ||     7
 Cast: Sandblast         ||    31
 Stab: Sleeping          ||     4
Armor: Skin              ||     4
Dodge: Dodged            ||    39
